 Dungeon Crawl Stone Soup version 0.32-a0-913-g739538afd8 (webtiles) character file.

Game seed: 2538460897808587595

7935 smashvw the Gouger (level 11, -3/60 HPs)
             Began as a Felid Berserker on Apr 9, 2024.
             Was a High Priest of Trog.
             Slain by a soul eater (5 damage)
             ... summoned by a kobold demonologist
             ... on level 9 of the Dungeon.
             The game lasted 00:22:30 (9570 turns).

smashvw the Gouger (Felid Berserker)                Turns: 9570, Time: 00:22:31

Health: -3/60      AC:  2    Str: 15    XL:     11   Next: 3%
Magic:  12/12      EV: 24    Int: 10    God:    Trog [*****.]
Gold:   458        SH:  0    Dex: 19    Spells: 10/10 levels left
                                        Lives:  0   Deaths: 4

rFire   . .          .
                       - Unarmed
rCold   . . .        (shield unavailable)
rNeg    . . .        (body armour unavailable)
rPois   .            (helmet unavailable)
rElec   .            (cloak unavailable)
rCorr   .            (gloves unavailable)
SInv    +            (boots unavailable)
Will    +....        y - amulet of regeneration
Stlth   ++++         (no ring)
HPRegen 1.10/turn    (no ring)
MPRegen 0.13/turn

%: no passive effects
@: on berserk cooldown, slowed, very slow
A: very small, claws 1, fangs 3, see invisible, shaggy fur 2, stealthy paws, no
weapons or thrown items, no armour, multi-lived
a: Renounce Religion, Berserk, Trog's Hand, Brothers in Arms


You were on level 9 of the Dungeon.
You worshipped Trog.
Trog was extremely pleased with you.
You visited 1 branch of the dungeon, and saw 9 of its levels.

You collected 458 gold pieces.

Inventory:

Jewellery
 y - an amulet of regeneration (around neck)
Talismans
 u - a maw talisman
Wands
 t - a wand of charming (9)
 z - a wand of mindburst (17)
 A - a wand of flame (16)
 B - a wand of quicksilver (6)
Scrolls
 e - 3 scrolls of poison
 h - 3 scrolls of teleportation
 j - a scroll of enchant armour {unknown}
 k - a scroll of brand weapon {unknown}
 l - 2 scrolls of silence {unknown}
 n - 3 scrolls of enchant weapon {unknown}
 o - a scroll of acquirement {unknown}
 p - a scroll of immolation {unknown}
 q - 4 scrolls of identify {unknown}
 r - 3 scrolls of vulnerability {unknown}
 s - a scroll of fear {unknown}
 v - 3 scrolls of blinking {unknown}
 w - 3 scrolls of amnesia {unknown}
Potions
 a - a potion of enlightenment {unknown}
 b - a potion of brilliance
 c - 3 potions of degeneration
 d - 2 potions of attraction {unknown}
 f - 3 potions of heal wounds
 g - 2 potions of might {unknown}
 i - 4 potions of curing
 m - 2 potions of mutation {unknown}
 x - a potion of cancellation {unknown}


   Skills:
 + Level 8.8 Fighting
 + Level 10.6 Dodging
 + Level 7.7 Stealth
 + Level 12.1 Unarmed Combat


You had 10 spell levels left.
You didn't know any spells.
Your spell library was empty.

Dungeon Overview and Level Annotations

Branches:
Dungeon (9/15)             Temple (0/1) D:6            Lair (0/5) D:8
    Orc: D:9-12

Altars:
Gozag
Hepliaklqana
Okawaru
Wu Jian
Xom
Zin
The Shining One

Shops:
D:5 !   D:6 *

Annotations:
D:9 Maggie


Innate Abilities, Weirdness & Mutations

You have sharp claws.
You have razor-sharp teeth.
You have supernaturally acute eyesight. (SInv)
You are covered in thick fur. (AC +2)
Your paws help you pounce on unaware monsters.
You are incapable of wielding weapons or throwing items.
You cannot wear armour.
You gain extra lives every three experience levels.


Message History

The kobold demonologist looks braver for a moment.
The shadow barely misses you.
You have reached level 11!
An electric eel comes into view.
Maggie misses you.
The kobold demonologist gestures wildly while chanting.
Maggie completely misses you.
The kobold demonologist completely misses you.
You claw the kobold demonologist!
The kobold demonologist is moderately wounded.
The soul eater misses you.
Maggie hits you with a +1 scimitar of flaming.
Maggie burns you. The kobold demonologist misses you.
The white imp is engulfed in blazing flames.
The white imp gestures at you. The puff of frost hits you!
The soul eater completely misses you.
You mangle the kobold demonologist!!
The kobold demonologist is almost dead.
Maggie misses you.
The kobold demonologist barely misses you.
The white imp hits you. The white imp freezes you. The soul eater misses you.
You scratch the kobold demonologist but do no damage.
The kobold demonologist is almost dead.
Maggie casts a spell.
Maggie attempts to bespell you! You resist with almost no effort.
The kobold demonologist gestures wildly while chanting.
The white imp gestures at you. The puff of frost hits you.
The soul eater draws from the surrounding life force!
* * * LOW HITPOINT WARNING * * *
You scratch the kobold demonologist.
Your bite misses the kobold demonologist.
The kobold demonologist is almost dead.
Maggie casts a spell at you. The bolt of fire misses you.
The kobold demonologist misses you. The white imp gestures at you.
The puff of frost hits you!
* * * LOW HITPOINT WARNING * * *
The soul eater draws from the surrounding life force!
You die...

..#.. ##.. ... #..# ...
#. # #.# # #.# # ####
### ###.### ##### .....
..###.....###....
##....##5##...)...##..#.
......@@)#...###...#....
..S...#K3#.)## ##..#....
~~~.. #W.3..# #....#..
..~. #..#..# #..#)#..
... #..#...# #...#†#..
.. #..##.......##.#.. #
#..###.....###.### #..#
##.#####.#.. #...
.........#..


You could see a soul eater (summoned), Maggie, a kobold demonologist, a neqoxec
(summoned), a shadow (invisible), an electric eel and a white imp (summoned).

Vanquished Creatures
  A centaur warrior (D:9)
  An orc sorcerer (D:9)
  A deep elf pyromancer (D:9)
  A hornet (D:9)
  10 yaks
  Eustachio (D:6)
  A steam dragon (D:8)
  2 water moccasins
  3 orc warriors
  Duvessa (D:7)
  A black bear (D:8)
  A sky beast (D:7)
  2 wolves (D:8)
  4 ogres
  2 centaurs
  A phantom (D:6)
  A kobold brigand (D:8)
  4 bullfrogs
  4 scorpions
  13 wights
  Dowan (D:7)
  6 killer bees
  An electric eel (D:9)
  4 howler monkeys
  3 bombardier beetles
  10 hounds
  5 jellies
  4 orc priests
  Jessica (D:3)
  An iguana (D:7)
  15 orc wizards
  A centaur simulacrum (D:9)
  Robin (D:3)
  7 adders
  11 gnolls
  5 ufetubi
  3 dart slugs
  23 orcs
  12 endoplasms
  4 giant cockroaches
  16 goblins
  11 hobgoblins
  6 jackals (D:1)
  2 quokkas
  6 ball pythons
  7 bats
  2 frilled lizards
  11 kobolds
  8 rats
242 creatures vanquished.

Notes
Turn   | Place    | Note
-------+----------+-------------------------------------------
     0 | D:1      | smashvw the Felid Berserker began the quest for the Orb.
     0 | D:1      | Reached XP level 1. HP: 12/12 MP: 2/2
    68 | D:1      | Reached skill level 1 in Stealth
    72 | D:1      | Reached XP level 2. HP: 3/16 MP: 3/3
   552 | D:1      | Reached XP level 3. HP: 20/20 MP: 4/4
   810 | D:2      | Reached ** piety under Trog
  1124 | D:2      | Reached XP level 4. HP: 24/24 MP: 5/5
  1124 | D:2      | Gained a life (2 lives remaining)
  1364 | D:2      | Reached skill level 5 in Dodging
  1798 | D:3      | Noticed Robin
  1802 | D:3      | Reached XP level 5. HP: 18/29 MP: 6/6
  1804 | D:3      | Found a glowing golden altar of the Shining One.
  1807 | D:3      | HP: 2/43 [goblin/+0 club[Robin] (6)]
  1809 | D:3      | Slain by a goblin
  1809 | D:3      | Lost a life (1 life remaining)
  1866 | D:3      | Reached *** piety under Trog
  1931 | D:3      | Found a faded altar of an unknown god.
  1931 | D:3      | Noticed Jessica
  1937 | D:3      | Killed Jessica
  1938 | D:3      | Reached skill level 4 in Unarmed Combat
  2077 | D:3      | Killed Robin
  2283 | D:3      | Gained mutation: You are covered in thick fur. (AC +2)
                  | [Felid growth]
  2283 | D:3      | Reached XP level 6. HP: 16/33 MP: 7/7
  3085 | D:4      | Reached skill level 5 in Stealth
  3192 | D:4      | Found a glowing silver altar of Zin.
  3223 | D:4      | Reached XP level 7. HP: 37/38 MP: 8/8
  3223 | D:4      | Gained a life (2 lives remaining)
  3573 | D:4      | Reached skill level 5 in Fighting
  3573 | D:4      | Reached skill level 5 in Unarmed Combat
  4074 | D:5      | Entered Level 5 of the Dungeon
  4205 | D:5      | Found Guczin's Distillery.
  4758 | D:5      | Reached XP level 8. HP: 43/43 MP: 9/9
  4792 | D:5      | Reached skill level 6 in Unarmed Combat
  5248 | D:6      | Found a staircase to the Ecumenical Temple.
  5731 | D:6      | Reached skill level 7 in Unarmed Combat
  6059 | D:6      | Noticed Eustachio
  6078 | D:6      | Slain by a river rat
  6078 | D:6      | Lost a life (1 life remaining)
  6332 | D:6      | Found Gonkas's Assorted Antiques.
  6343 | D:6      | Killed Eustachio
  6344 | D:6      | Reached skill level 10 in Dodging
  6585 | D:6      | Reached skill level 8 in Unarmed Combat
  6585 | D:6      | Reached XP level 9. HP: 33/45 MP: 10/10
  6815 | D:7      | Reached skill level 9 in Unarmed Combat
  6992 | D:7      | Reached skill level 10 in Unarmed Combat
  7124 | D:7      | Reached **** piety under Trog
  7426 | D:7      | Found a shimmering altar of Xom.
  7452 | D:7      | Noticed Dowan
  7506 | D:7      | Noticed Duvessa
  7520 | D:7      | Killed Duvessa
  7525 | D:7      | Killed Dowan
  7624 | D:7      | Slain by an orc warrior
  7624 | D:7      | Lost a life (0 lives remaining)
  7716 | D:7      | Reached XP level 10. HP: 43/50 MP: 11/11
  7716 | D:7      | Gained a life (1 life remaining)
  8158 | D:8      | Found an iron altar of Okawaru.
  8195 | D:8      | Reached skill level 11 in Unarmed Combat
  8237 | D:8      | Found a staircase to the Lair.
  8339 | D:8      | Reached ***** piety under Trog
  9140 | D:9      | Found an opulent altar of Gozag.
  9236 | D:9      | Found an ornate altar of the Wu Jian Council.
  9236 | D:9      | Found a hazy altar of Hepliaklqana.
  9343 | D:9      | Noticed a deep elf pyromancer
  9345 | D:9      | Noticed an orc sorcerer
  9345 | D:9      | Noticed a centaur warrior
  9372 | D:9      | Killed a centaur warrior
  9373 | D:9      | Reached skill level 12 in Unarmed Combat
  9420 | D:9      | Noticed a centaur warrior
  9444 | D:9      | Slain by a centaur warrior
  9444 | D:9      | Lost a life (0 lives remaining)
  9546 | D:9      | Noticed an orc sorcerer
  9553 | D:9      | Killed an orc sorcerer
  9564 | D:9      | Noticed Maggie
  9565 | D:9      | Noticed a soul eater
  9565 | D:9      | Killed a deep elf pyromancer
  9566 | D:9      | Reached XP level 11. HP: 43/60 MP: 12/12
  9570 | D:9      | HP: 2/60 [white imp/puff of frost[a kobold demonologist]
                  | (8)]
  9570 | D:9      | Slain by a soul eater

Illustrated notes

Levels and vault maps discovered:
D:1:      mrwooster_arrival_statue, layout_loops_ring, minmay_door_square
D:2:      layout_loops_ring, due_unseen_surprise
D:3:      layout_basic, mainiacjoe_overflow_small_starburst,
          dreamdust_ecumenical_altar_hidden_monk_grotto, minmay_misc_feat_doors,
          serial_park_tiny_1, uniq_robin, uniq_jessica
D:4:      layout_basic, mainiacjoe_overflow_catwalk,
          mainiacjoe_sewer_entry_somewhere_in_here_2, dreamdust_gnoll_farm
D:5:      layout_rooms, serial_shops, shop
D:6:      layout_cave_pods, minmay_temple_entry_enclosed_plants, serial_shops,
          shop, serial_co_window_serial, co_window_corner_a, co_window_paths_a,
          co_window_corner_a, co_window_corner_a, co_window_corner_a,
          co_window_corner_b, co_window_broadway_a, co_window_broadway_c,
          co_window_paths_c, co_window_cross_4, co_window_of_opportunity_b,
          co_window_unsneaky_path_c, co_window_paths_d, co_window_paths_e,
          glass_columns_b, uniq_eustachio
D:7:      layout_basic, mainiacjoe_overflow_concentric_impassable, uniq_duvessa
D:8:      layout_basic, okawaru_gym_becter, erik_lair_orcish_takeover
D:9:      minmay_the_grid_plus [minmay_the_grid_tri_star, minmay_the_grid_empty,
          minmay_the_grid_outer_circle, minmay_the_grid_all_tris,
          minmay_the_grid_prize_big_room], layout_basic,
          nicolae_gozag_seed_capital,
          chequers_temple_overflow_statue_of_worship, evilmike_butchery,
          uniq_maggie

Skill      XL: |  1  2  3  4  5  6  7  8  9 10 |
---------------+-------------------------------+-----
Stealth        | 1 2 3 4 5 6 7 |  7.7
Dodging        | 5 6 7 10 | 10.6
Unarmed Combat | 4 5 8 10 12 | 12.1
Fighting       | 4 5 6 8 |  8.8

Action                     |  1- 3 |  4- 6 |  7- 9 | 10-12 || total
---------------------------+-------+-------+-------+-------++-------
  Melee: Unarmed           |    95 |   164 |   361 |   206 ||   826
         Bite              |    10 |    14 |    39 |    17 ||    80
         Punch             |       |     4 |    19 |    23 ||    46
 Invoke: Berserk           |     1 |     5 |     7 |     3 ||    16
         Trog's Hand       |       |     1 |       |       ||     1
    Use: Potion            |     1 |     4 |       |       ||     5
         Scroll            |       |     1 |       |     2 ||     3
   Stab: Sleeping          |     2 |     7 |    10 |     4 ||    23
 Armour: Skin              |    41 |    78 |   100 |    69 ||   288
  Dodge: Dodged            |    91 |   182 |   350 |   170 ||   793
         Form:             |       |       |     1 |       ||     1
         Maw               |       |       |     1 |       ||     1

Table legend: (Time is in decaauts)
 A = Elapsed time spent in this place.
 B = Non-inter-level travel time spent in this place.
 C = Inter-level travel time spent in this place.
 D = Time resting spent in this place.
 E = Time spent auto-exploring this place.
 F = Levels seen in this place.
 G = Mean time per level.
                   A        B        C        D        E       F      G
               +--------+--------+--------+--------+--------+-----+--------+
         Total |   9619 |   9330 |    289 |   1029 |   6638 |   9 | 1068.8 |
       Dungeon |   9619 |   9330 |    289 |   1029 |   6638 |   9 | 1068.8 |
               +--------+--------+--------+--------+--------+-----+--------+

Top non-repeatable levels by time:
     D:4: 1536 daAuts
     D:7: 1336 daAuts
     D:6: 1294 daAuts
     D:8: 1138 daAuts
     D:3: 1097 daAuts
     D:5: 1055 daAuts
     D:2: 902 daAuts
     D:1: 792 daAuts
     D:9: 465 daAuts
